 Dungeon Crawl Stone Soup version 0.31.0-32-g396128a36d (webtiles) character file.

Game seed: 16297141098670663596

49 cdecastro the Grave Robber (level 3, 0/24 HPs)
             Began as a Human Necromancer on Mar 8, 2024.
             Killed from afar by Sigmund (7 damage)
             ... with a magic dart
             ... on level 2 of the Dungeon.
             The game lasted 00:03:19 (1372 turns).

cdecastro the Grave Robber (Human Necromancer)      Turns: 1372, Time: 00:03:19

Health: 0/24       AC:  2    Str:  8    XL:     3   Next: 77%
Magic:  6/6        EV: 12    Int: 17    God:
Gold:   94         SH:  0    Dex: 13    Spells: 5/6 levels left

rFire   . . .        g - +6 dagger
rCold   . . .        (no shield)
rNeg    . . .        a - +0 robe
rPois   .            (no helmet)
rElec   .            (no cloak)
rCorr   .            (no gloves)
SInv    .            (no boots)
Will    .....        (no amulet)
Stlth   ++           (no ring)
HPRegen 0.24/turn    (no ring)
MPRegen 0.10/turn

%: no passive effects
@: no status effects
A: explore regen
a: no special abilities


You were on level 2 of the Dungeon.
You visited 1 branch of the dungeon, and saw 2 of its levels.

You collected 94 gold pieces.

Inventory:

Hand Weapons
 g - a +6 dagger (weapon)
Armour
 a - a +0 robe (worn)
 d - a +0 ring mail
 j - a +0 leather armour
Magical Staves
 l - a staff of fire
Scrolls
 c - a scroll of enchant weapon {unknown}
 f - 3 scrolls of teleportation {unknown}
 h - a scroll of blinking {unknown}
 i - a scroll of immolation {unknown}
Potions
 b - a potion of magic
 e - 2 potions of curing {unknown}
 k - a potion of lignification {unknown}


   Skills:
 - Level 2.0 Dodging
 - Level 2.0 Stealth
 - Level 2.0 Spellcasting
 + Level 5.3 Necromancy


You had 5 spell levels left.
You knew the following spells:

 Your Spells              Type           Power      Damage    Failure   Level
a - Necrotise             Necr           76%        1d7       2%          1

Your spell library contained the following spells:

 Spells                   Type           Power      Damage    Failure   Level
 Vampiric Draining        Necr           19%        2d7       6%          3
 Animate Dead             Necr           19%        N/A       22%         4
 Blink                    Tloc           2%         N/A       28%         2
 Lesser Beckoning         Tloc           2%         N/A       28%         2
 Momentum Strike          Conj/Tloc      2%         3d8       28%         2
 Curse of Agony           Necr           19%        N/A       52%         5


Dungeon Overview and Level Annotations

Branches:
Dungeon (2/15)

Altars:

Annotations:
D:2 Sigmund


Innate Abilities, Weirdness & Mutations

You regain HP and MP as you explore.


Message History

Aim: a ribbon worm (moderately wounded, catching its breath, chance to affect: 84%)
The ribbon worm barely resists.
Unknown command.
Casting: Necrotise (safe; 2% risk of failure)
Confirm with . or Enter, or press ? or * to list all spells.
Aiming: Necrotise (safe; 2% risk of failure)
Press: ? - help, Shift-Dir - straight line, f/p - ribbon worm
Aim: a ribbon worm (lightly wounded, catching its breath, chance to affect: 84%)
The ribbon worm writhes in agony.
Unknown command.
The web tears apart.
The ribbon worm bites you!
You hit the ribbon worm.
The ribbon worm is heavily wounded.
The ribbon worm closely misses you.
You hit the ribbon worm.
The ribbon worm is severely wounded.
The ribbon worm bites you.
You hit the ribbon worm.
The ribbon worm is almost dead.
The ribbon worm bites you!
* * * LOW HITPOINT WARNING * * *
You hit the ribbon worm.
You kill the ribbon worm!
Magic restored.
Sigmund is nearby!
Sigmund is nearby!
Sigmund is nearby!
Sigmund shouts!
Sigmund attacks as he pursues you!
Sigmund hits you from afar with a +0 scythe.
Unknown command.
Sigmund attacks as he pursues you!
Sigmund hits you from afar with a +0 scythe!
Ouch! That really hurt!
* * * LOW HITPOINT WARNING * * *
Okay, then.
Sigmund points at you and mumbles some strange words.
The magic dart hits you!
You die...
Sigmund begins carving another notch in his scythe.

##.........#.###.
#..(.......#.#... #
#..........#.#.#. #
##########....#.#...#.#.#. #
#.......####..#...........
########.#####.####........######
.........# #......##........#
########## #.#.##.#######...# #
#####.#..@.# #...# # #...#.####.#
#<..# # #........#.## #...# #
#####...#.......# #...# #
#......##..#.#.@######...##### #
#......##..#......@........... #
#......##..#......)........... #
#.....###.................^...
#.....# #.##.##.######...#####


You could see Sigmund.

Vanquished Creatures
  2 adders (D:2)
  A ribbon worm (D:2)
  An endoplasm (D:1)
  3 goblins
  3 hobgoblins (D:1)
  4 kobolds
  2 quokkas
  2 ball pythons
  5 bats
  3 frilled lizards (D:1)
  3 rats
29 creatures vanquished.

Vanquished Creatures (collateral kills)
  An endoplasm (D:1)
1 creature vanquished.

Grand Total: 30 creatures vanquished

Notes
Turn   | Place    | Note
-------+----------+-------------------------------------------
     0 | D:1      | cdecastro the Human Necromancer began the quest for the
                  | Orb.
     0 | D:1      | Reached XP level 1. HP: 13/13 MP: 3/3
   325 | D:1      | Reached XP level 2. HP: 19/19 MP: 5/5
   717 | D:2      | Identified the +1 dagger "Qener" {freeze, ^Fragile rPois
                  | Int+6}
   754 | D:2      | Reached skill level 5 in Necromancy
   754 | D:2      | Reached XP level 3. HP: 21/24 MP: 6/6
  1113 | D:2      | Noticed Sigmund
  1372 | D:2      | Killed from afar by Sigmund

Illustrated notes

Levels and vault maps discovered:
D:1:      lightli_arrival_quake, layout_rooms, minmay_tetromino_l2
D:2:      layout_loops_cross, uniq_sigmund

Skill      XL: |  1  2 |
---------------+-------+-----
Necromancy     | 5 |  5.3
Dodging        | |  2.0
Stealth        | |  2.0
Spellcasting   | |  2.0

Action                     || total
---------------------------++-------
  Melee: Unarmed           ||    13
         Dagger            ||    26
   Cast: Necrotise         ||    36
   Stab: Sleeping          ||     1
 Armour: Robe              ||    27
  Dodge: Dodged            ||    34
